 Dungeon Crawl Stone Soup version 0.31-a0-152-g6aa68a64a1 (webtiles) character file.

Game seed: 13065763573337934509

580 qw the Shooter (level 7, -5/43 HPs)
             Began as a Gargoyle Hunter on June 10, 2023.
             Slain by a gnoll
             ... wielding a +0 halberd
             ... led by a gnoll bouda
              (10 damage)
             ... on level 4 of the Dungeon.
             The game lasted 00:01:07 (3132 turns).

qw the Shooter (Gargoyle Hunter)                    Turns: 3132, Time: 00:01:07

Health: -5/43      AC:  8    Str: 14      XL:     7   Next: 36%
Magic:  7/7        EV: 11    Int:  8 (10) God:
Gold:   170        SH:  0    Dex: 14 (15) Spells: 6/6 levels left

rFire   . . .        Y - +1 shortbow
rCold   + . .        (shield currently unavailable)
rNeg    + . .        c - +0 leather armour
rPois   inf          f - +0 helmet
rElec   +            (no cloak)
rCorr   .            (no gloves)
SInv    .            (no boots)
Will    +....        (no amulet)
Stlth   +            i - ring of willpower
HPRegen 0.27/turn    g - ring of protection from cold
MPRegen 0.10/turn

%: no passive effects
@: no status effects
A: sickness immunity, AC +4, negative energy resistance 1, electricity
resistance, torment resistance 1, petrification resistance
a: no special abilities


You were on level 4 of the Dungeon.
You visited 1 branch of the dungeon, and saw 4 of its levels.

You collected 170 gold pieces.


Innate Abilities, Weirdness & Mutations

You are immune to sickness and miasma.
Your stone body is resilient. (AC +4)
You are immune to poison.
You resist negative energy. (rN+)
You are resistant to electric shocks. (rElec)
You are resistant to unholy torment.
You are immune to petrification.


   Skills:
 - Level 4.1 Fighting
 + Level 7.8 Ranged Weapons
 - Level 1.0 Armour
 - Level 1.8 Dodging
 - Level 1.1 Stealth


You had 6 spell levels left.
You didn't know any spells.
Your spell library was empty.

Inventory:

Hand Weapons
 Y - a +1 shortbow (weapon)
Armour
 c - a +0 leather armour (worn)
 f - a +0 helmet (worn)
Jewellery
 g - a ring of protection from cold (right hand)
 i - a ring of willpower (left hand)
Scrolls
 a - a scroll of torment {unknown}
 b - 2 scrolls of teleportation {unknown}
 d - 2 scrolls of identify
Potions
 e - a potion of berserk rage {unknown}
 h - a potion of attraction
 j - a potion of ambrosia {unknown}
 k - 3 potions of curing
 l - a potion of haste {unknown}

Dungeon Overview and Level Annotations

Branches:
Dungeon (4/15)
 Temple: D:4-7

Altars:
Cheibriados
Dithmenos
Ru
Zin

Annotations:
D:4 1 runed translucent door, exclusion: 2 gnoll boudas, Crazy Yiuf, Eustachio


Message History

The bullfrog closely misses you.
You shoot an arrow. The arrow hits the bullfrog.
The bullfrog is severely wounded.
The bullfrog hits you but does no damage.
The bullfrog misses you.
You shoot an arrow. The arrow barely misses the bullfrog.
The bullfrog hits you.
You shoot an arrow. The arrow hits the bullfrog!
You kill the bullfrog!
Eustachio the Magnificent comes into view.
He is wielding a +0 rapier.
An endoplasm comes into view.
The gnoll misses you.
You shoot an arrow.
Eustachio shouts!
The arrow hits the gnoll.
The gnoll is heavily wounded.
The gnoll hits you from afar with a +0 halberd!
A scorpion comes into view.
You shoot an arrow. The arrow barely misses the gnoll.
The arrow hits the scorpion!
The scorpion is severely wounded.
Eustachio gestures wildly while chanting.
The gnoll hits you from afar with a +0 halberd!
You shoot an arrow. The arrow hits the gnoll.
The gnoll is severely wounded.
Eustachio gestures wildly while chanting.
The gnoll hits you from afar with a +0 halberd!
You shoot an arrow. The arrow hits the gnoll.
The gnoll is severely wounded.
The gnoll misses you.
A phantom comes into view.
You shoot an arrow. The arrow barely misses the gnoll.
The arrow barely misses Eustachio.
Eustachio casts a spell.
Eustachio blinks!
The gnoll hits you from afar with a +0 halberd.
You shoot an arrow.
The arrow hits the endoplasm but does no damage.
The gnoll hits you from afar with a +0 halberd!
You die...

#.####.##.## #(.#
...........###..#
######.........[#
.######..........#
......#.##..###..#
#.......# .#
###.###.### #
#.#...... #@J.####
...s.g?...#
~.~r~##.#.# .~r#
#.#.# ~r #.W.. ...
#. .## .. # ..


You could see a phantom, a scorpion, a gnoll, a river rat (summoned), an
endoplasm, a quokka (summoned) and a rat (summoned).

Vanquished Creatures
  Sigmund (D:2)
  A bullfrog (D:4)
  A scorpion (D:4)
  A hound (D:3)
  A gnoll bouda (D:4)
  Jessica (D:2)
  3 orc wizards (D:3)
  Robin (D:4)
  6 gnolls
  An adder (D:3)
  An ufetubus (D:4)
  A worm (D:2)
  A dart slug (D:1)
  2 orcs (D:3)
  3 endoplasms
  A giant cockroach (D:1)
  9 goblins
  7 hobgoblins
  4 jackals (D:1)
  3 quokkas
  2 ball pythons
  5 frilled lizards
  7 kobolds
  6 rats
69 creatures vanquished.

Notes
Turn   | Place    | Note
-------+----------+-------------------------------------------
     0 | D:1      | qw the Gargoyle Hunter began the quest for the Orb.
     0 | D:1      | Reached XP level 1. HP: 12/12 MP: 1/1
     0 | D:1      | 0 ||| qw: Version: 0.2-a-123-gb51047a
     0 | D:1      | 0 ||| qw: Game counter: 3753
     0 | D:1      | 0 ||| qw: Always use a shield: true
     0 | D:1      | 0 ||| qw: God list: Okawaru
     0 | D:1      | 0 ||| qw: Allow faded altars: false
     0 | D:1      | 0 ||| qw: Do Orc after D:15 true
     0 | D:1      | 0 ||| qw: Do second Lair branch before Depths: true
     0 | D:1      | 0 ||| qw: Lair rune preference: random
     0 | D:1      | 0 ||| qw: Plans: Normal, Zot:1-4, Slime:5, God:TSO, Crypt,
                  | Tomb, Abyss, Pan, Hells, Win
     0 | D:1      | 0 ||| PLANNING D:1-11
   151 | D:1      | Reached XP level 2. HP: 15/17 MP: 2/2
   961 | D:1      | Reached XP level 3. HP: 21/21 MP: 3/3
  1057 | D:1      | 1057 ||| UPGRADING to ring of willpower.
  1058 | D:1      | 1058 ||| READING scroll labelled HAN AFOSONO.
  1159 | D:1      | 1159 ||| READING scroll labelled ESURIU HOTS.
  1160 | D:1      | 1160 ||| READING scroll labelled USTRYFF GURAKY.
  1161 | D:1      | 1161 ||| DRINKING 2 sedimented purple potions.
  1162 | D:1      | 1162 ||| DRINKING 2 viscous black potions.
  1163 | D:1      | 1163 ||| DROPPING scroll of butterflies.
  1164 | D:1      | 1164 ||| DROPPING potion of enlightenment.
  1196 | D:2      | Found a shadowy altar of Dithmenos.
  1250 | D:2      | Reached skill level 5 in Ranged Weapons
  1493 | D:2      | Noticed Jessica
  1495 | D:2      | Killed Jessica
  1496 | D:2      | Reached skill level 3 in Fighting
  1496 | D:2      | Reached XP level 4. HP: 28/28 MP: 4/4
  1603 | D:2      | Noticed Sigmund
  1610 | D:2      | Killed Sigmund
  1611 | D:2      | Reached skill level 6 in Ranged Weapons
  1611 | D:2      | Reached XP level 5. HP: 9/32 MP: 5/5
  1611 | D:2      | Reached XP level 6. HP: 11/37 MP: 6/6
  1947 | D:2      | 1947 ||| UPGRADING to ring of protection from cold.
  1948 | D:2      | 1948 ||| READING scroll labelled XEOCAE GUEQIVI.
  1949 | D:2      | 1949 ||| READING scroll labelled LECZEKHIWYO.
  1950 | D:2      | 1950 ||| READING 2 scrolls labelled RICZOU URENK.
  1951 | D:2      | 1951 ||| READING scroll labelled QEUMON PACKO.
  1952 | D:2      | 1952 ||| DRINKING 2 blue potions.
  1953 | D:2      | 1953 ||| DRINKING 2 fizzy inky potions.
  2044 | D:3      | Found a glowing silver altar of Zin.
  2063 | D:3      | HP: 8/38 [something (3)]
  2064 | D:3      | 2064 ||| DRINKING potion of heal wounds.
  2081 | D:3      | HP: 9/38 [something/magic dart (5)]
  2201 | D:3      | Found a snail-covered altar of Cheibriados.
  2257 | D:3      | Reached skill level 7 in Ranged Weapons
  2471 | D:3      | 2471 ||| READING scroll labelled RIUCAS ORPHI.
  2472 | D:3      | 2472 ||| READING scroll labelled QAREEBL JOSU.
  2473 | D:3      | 2473 ||| DRINKING 2 brown potions.
  2474 | D:3      | 2474 ||| DROPPING potion of degeneration.
  2598 | D:4      | Found a runed translucent door.
  2599 | D:4      | Noticed Crazy Yiuf
  2617 | D:4      | Reached XP level 7. HP: 43/43 MP: 7/7
  2619 | D:4      | Noticed Robin
  2620 | D:4      | 2620 ||| Stepping ~*~*~tactically~*~*~ (outnumbered).
  2631 | D:4      | 2631 ||| FLEEEEING.
  2632 | D:4      | 2632 ||| FLEEEEING.
  2633 | D:4      | 2633 ||| FLEEEEING.
  2648 | D:4      | Killed Robin
  2861 | D:4      | 2861 ||| UPGRADING to +0 helmet.
  2862 | D:4      | HP: 6/43 [gnoll bouda/+0 trident (8)]
  2869 | D:4      | 2869 ||| FLEEEEING.
  2871 | D:4      | 2871 ||| FLEEEEING.
  2873 | D:4      | HP: 2/43 [gnoll bouda/+0 trident (6)]
  2877 | D:4      | Reached skill level 1 in Armour
  3044 | D:4      | Found a sacrificial altar of Ru.
  3126 | D:4      | Noticed Eustachio
  3129 | D:4      | HP: 6/43 [gnoll/+0 halberd[a gnoll bouda] (8)]
  3132 | D:4      | Slain by a gnoll

Levels and vault maps discovered:
D:1:      reono_arrival_forest_river, layout_basic, roderic_serpentine_path,
          minivault_11, serial_bayou_crossing
D:2:      layout_loops_ring, basic_altar, nicolae_titane, uniq_jessica,
          uniq_sigmund
D:3:      layout_rooms, mainiacjoe_overflow_catch_the_wave
D:4:      layout_loops_ring, riverfiend_overflow_shadow_ancestor,
          nicolae_ru_path_of_blood, old_standard_altar, minmay_door_square,
          chequers_serial_rivers_marsh, uniq_robin, uniq_crazy_yiuf_cottage,
          uniq_natasha, uniq_eustachio

Skill      XL: |  1  2  3  4  5  6  7 |
---------------+----------------------+-----
Ranged Weapons | 5 6 7 |  7.8
Fighting       | 3 4 |  4.1
Armour         | 1 |  1.0
Dodging        | |  1.8
Stealth        | |  1.1

Action                     |  1- 3 |  4- 6 |  7- 9 || total
---------------------------+-------+-------+-------++-------
   Fire: Shortbow          |    83 |    84 |    77 ||   244
    Use: Scroll            |     3 |     6 |       ||     9
         Potion            |     2 |     4 |       ||     6
 Armour: Leather armour    |    13 |    19 |    11 ||    43
  Dodge: Dodged            |    15 |    10 |    29 ||    54

Table legend:
 A = Non-vault XP
 B = Vault XP
 C = Vault XP percentage of total XP
 D = Non-vault monster count
 E = Vault monster count
 F = Vault count percentage of total count
                 A         B        C        D         E       F
            +---------+---------+-------+---------+---------+-------
      Total |     531 |     298 |  35.9 |      56 |      13 |  18.8
            +---------+---------+-------+---------+---------+-------
        D:1 |      34 |       0 |   0.0 |      21 |       0 |   0.0
        D:2 |      28 |     263 |  90.4 |      15 |       2 |  11.8
        D:3 |     210 |       0 |   0.0 |      13 |       0 |   0.0
        D:4 |     259 |      35 |  11.9 |       7 |      11 |  61.1
            +---------+---------+-------+---------+---------+-------
